 Dungeon Crawl Stone Soup version 0.23-a0-473-gc8aadda (webtiles) character file.

27171 emperorscorpion the Severer (level 13, -12/117 HPs)
             Began as a Minotaur Abyssal Knight on Nov 22, 2018.
             Was the Champion of Lugonu.
             Killed from afar by Roxanne (19 damage)
             ... with an iron shot
             ... on level 14 of the Dungeon on Nov 27, 2018.
             The game lasted 00:28:04 (17998 turns).

emperorscorpion the Severer (MiAK)                 Turns: 17998, Time: 00:28:06

Health: -12/117    AC: 15    Str: 23    XL:     13   Next: 2%
Magic:  15/15      EV: 12    Int:  9    God:    Lugonu [******]
Gold:   1457       SH:  0    Dex:  9    Spells: 12/12 levels left

rFire    . . .     SeeInvis .   n - +2 battleaxe (vamp)
rCold    . . .     Gourm    .   (shield currently unavailable)
rNeg     . . .     Faith    +   w - +0 chain mail
rPois    +         Spirit   .   (helmet restricted)
rElec    .         Reflect  .   u - +0 cloak
rCorr    .         Harm     .   (no gloves)
MR       .....                  F - +0 pair of boots
Stlth    ..........             o - amulet of faith
HPRegen  0.29/turn              Q - +2 ring of evasion
MPRegen  0.14/turn              J - ring of poison resistance

@: no status effects
A: retaliatory headbutt, horns 2
a: Depart the Abyss, Bend Space, Banish, Corrupt, Enter the Abyss, Renounce
Religion


You were on level 14 of the Dungeon.
You worshipped Lugonu.
Lugonu was exalted by your worship.
You were not hungry.

You visited 3 branches of the dungeon, and saw 17 of its levels.
You visited the Abyss 1 time.

You collected 1457 gold pieces.

Inventory:

Hand Weapons
 a - a +4 battleaxe of distortion
 b - a +2 hand axe of flaming
 n - a +2 vampiric battleaxe (weapon)
 r - a +0 blowgun
 y - the cursed +0 dagger of Prudence {vamp, *Rage +Inv rPois rF++}
   (You found it on level 12 of the Dungeon)

   It inflicts no extra harm, but heals its wielder when it wounds a living foe.
   It greatly protects you from fire.
   It protects you from poison.
   It lets you turn invisible.
   It may make you go berserk in combat.
   It has a curse placed upon it.
 L - a +6 war axe
Missiles
 f - 41 poisoned needles
 i - 7 tomahawks of returning
 m - 10 tomahawks (quivered)
 x - a throwing net
Armour
 k - a +1 shield
 u - a +0 cloak (worn)
 w - a +0 chain mail (worn)
 F - a +0 pair of boots (worn)
Magical Staves
 Y - an uncursed staff of earth {unknown}
Jewellery
 o - an amulet of faith (around neck)
 p - an uncursed amulet of rage
 z - an uncursed ring of protection from cold {unknown}
 B - an uncursed ring of flight
 E - a cursed -2 ring of protection {unknown}
 J - a ring of poison resistance (right hand)
 M - a cursed ring of attention {unknown}
 Q - a +2 ring of evasion (left hand)
 T - an uncursed ring of stealth
 Z - a cursed amulet of inaccuracy {unknown}
Wands
 q - a wand of acid (10)
 I - a wand of paralysis (7)
 K - a wand of iceblast (6)
 W - a wand of clouds (3)
 X - a wand of digging (6)
Scrolls
 g - 10 scrolls of teleportation
 C - a scroll of fear
 G - 7 scrolls of remove curse
 H - 2 scrolls of fog
 N - 3 scrolls of magic mapping
 O - a scroll of amnesia
 R - a scroll of identify
Potions
 d - 2 potions of brilliance
 e - 9 potions of curing
 h - 2 potions of ambrosia
 j - 2 potions of berserk rage
 l - a potion of flight
 s - a potion of magic
 t - a potion of degeneration {unknown}
 v - a potion of might {unknown}
 A - a potion of resistance
 D - a potion of haste {unknown}
 P - 2 potions of agility {unknown}
 S - a potion of lignification {unknown}
 V - a potion of mutation {unknown}
Comestibles
 c - 17 rations
 U - 4 chunks of flesh


   Skills:
 + Level 11.9 Fighting
 + Level 16.8 Axes
 + Level 1.9 Throwing
 + Level 12.4 Armour
 + Level 4.3 Dodging
 + Level 2.0 Stealth
 - Level 4.8 Shields
 * Level 4.5 Invocations
 - Level 2.3 Evocations


You had 12 spell levels left.
You didn't know any spells.
Your spell library contained the following spells:

 Spells                   Type           Power        Failure   Level  Hunger
 Beastly Appendage        Tmut           #.....       90%         1    ##.....
 Sticks to Snakes         Tmut           #.......     97%         2    ###....
 Spider Form              Tmut/Pois      #.........   99%         3    ####...
 Ice Form                 Ice/Tmut       #.......     100%        4    #####..
 Blade Hands              Tmut           #.........   100%        5    ######.
 Bolt of Magma            Conj/Fire/Erth #.........   100%        5    ######.
 Iskenderun's Battlesphe  Conj/Chrm      #.......     100%        5    ######.
 Venom Bolt               Conj/Pois      #.........   100%        5    ######.
 Iron Shot                Conj/Erth      #.........   100%        6    #######
 Orb of Destruction       Conj           #.........   100%        7    #######
 Spellforged Servitor     Conj/Summ      #.........   100%        7    #######


Dungeon Overview and Level Annotations

Branches:
Dungeon (14/15)            Temple (0/1) D:7            Lair (1/6) D:11
    Orc (2/2) D:11         Vaults (0/5) D:13
    Elf: Orc:2

Altars:
Ashenzari
Cheibriados
Fedhas
Gozag
Hepliaklqana
Kikubaaqudgha
Okawaru
Qazlal
Ru
Sif Muna
Vehumet
Wu Jian
Xom
Yredelemnul
Zin
The Shining One

Shops:
D:3 *   D:10 }   Orc:2 *

Portals:
Trove: D:10 (give +3 storm dragon scales)

Annotations:
D:3 1 transporter
D:5 1 runed door, galech's ghost, novice DsFi
D:14 exclusion: Roxanne, Roxanne


Innate Abilities, Weirdness & Mutations

You reflexively headbutt those who attack you in melee.
You have a pair of horns on your head.


Message History

You hit Roxanne but do no damage. You headbutt Roxanne, but do no damage.
Roxanne is lightly damaged.
The centaur warrior shoots an arrow.
The arrow hits you.
You hit Roxanne but do no damage. You headbutt Roxanne!
Roxanne is lightly damaged.
The centaur warrior shoots an arrow.
The arrow hits you.
You hit Roxanne.
Roxanne is lightly damaged.
Roxanne mutters, "When I said I wanted to live forever... this was not what I The centaur warrior shoots an arrow.
The arrow hits you.
You hit Roxanne but do no damage.
Roxanne is lightly damaged.
Roxanne mumbles some strange words.
The iron shot hits you!
* * * LOW HITPOINT WARNING * * *
You slice Roxanne!! You headbutt Roxanne, but do no damage.
Roxanne is moderately damaged.
Roxanne casts a spell.
The iron shot hits you!
You die...

... #. #.# #. #.#
#.#+#.# #..(..#
##.....######
.###.......#...#
...........(@8.#
.#................
#........#.##...#
#.#.###.......##...
... .............##
#c## #
.#.###รท#...## ..
#.#.##+## ..#
##.###.#.##.# ...
.........##.#


You could see Roxanne and a centaur warrior.

Vanquished Creatures
  A fire giant (D:12)
  A centaur warrior (D:13)
  A hydra (D:14)
  2 dancing weapons (D:13)
  3 two-headed ogres
  2 skeletal warriors
  An unseen horror (D:14)
  A cyclops (D:12)
  A manticore (D:14)
  An ugly thing (D:11)
  A black mamba (Lair:1)
  An elephant (D:11)
  A gargoyle (D:11)
  A spiny frog (Lair:1)
  A komodo dragon (Lair:1)
  A kobold demonologist (D:12)
  2 efreet
  2 trolls
  A queen bee (D:12)
  6 slime creatures (D:13)
  6 hippogriffs
  A blink frog (Lair:1)
  2 shadows
  A wraith (D:11)
  Eustachio (D:4)
  12 yaks
  A vampire (D:13)
  A hungry ghost (D:12)
  2 basilisks
  3 wyverns
  4 wargs (Orc:2)
  Grum (Lair:1)
  2 sky beasts
  17 orc warriors
  2 ice beasts
  2 phantoms
  2 black bears
  8 ogres
  7 centaurs
  4 wolves (Lair:1)
  4 crocodiles
  7 bullfrogs
  5 big kobolds
  Blork the orc (D:5)
  A water moccasin zombie (D:9)
  A wyvern zombie (D:12)
  A wyvern skeleton (D:7)
  2 scorpions
  21 killer bees
  11 wights
  2 electric eels (D:12)
  2 bullfrog zombies
  2 centaur zombies
  5 crimson imps
  A quasit (D:11)
  2 jellies (D:10)
  6 hounds
  19 orc wizards
  4 bullfrog skeletons
  6 orc priests
  Crazy Yiuf (D:2)
  2 centaur skeletons
  5 iguanas
  13 worker ants
  4 gnolls (D:6)
  13 adders
  4 shadow imps
  2 oozes
  An adder skeleton (D:5)
  5 worms
  6 leopard geckos
  66 orcs
  6 giant cockroaches
  12 hobgoblins
  2 jackals (D:7)
  4 quokkas
  A ball python (D:8)
  10 bats
  3 frilled lizards
  3 goblins
  25 kobolds
  6 rats
407 creatures vanquished.

Vanquished Creatures (others)
  A two-headed ogre (Orc:2)
  An ogre (Orc:2)
  An orc warrior (Orc:1)
  An orc (Orc:1)
4 creatures vanquished.

Grand Total: 411 creatures vanquished

Notes
Turn   | Place    | Note
-------+----------+-------------------------------------------
     0 | Abyss:1  | emperorscorpion the Minotaur Abyssal Knight began the quest
                  | for the Orb.
     0 | Abyss:1  | Reached XP level 1. HP: 19/19 MP: 1/1
    46 | Abyss:1  | Noticed a smoke demon
    47 | D:1      | Escaped the Abyss
    57 | D:1      | Reached * piety under Lugonu
   256 | D:1      | Reached XP level 2. HP: 24/27 MP: 2/2
   954 | D:2      | Found a glowing silver altar of Zin.
   955 | D:2      | Found an opulent altar of Gozag.
   986 | D:2      | Reached XP level 3. HP: 33/34 MP: 3/3
  1110 | D:2      | Reached skill level 3 in Axes
  1838 | D:2      | Found a runed door.
  1842 | D:2      | Noticed Crazy Yiuf
  1848 | D:2      | Killed Crazy Yiuf
  1848 | D:2      | Reached XP level 4. HP: 41/41 MP: 4/4
  2082 | D:3      | Found a transporter.
  2125 | D:3      | Reached ** piety under Lugonu
  2126 | D:3      | Reached skill level 4 in Axes
  2130 | D:3      | Reached XP level 5. HP: 32/47 MP: 5/5
  2424 | D:3      | Found an opulent altar of Gozag.
  2436 | D:3      | Found Gozag's Platinum Reserve.
  2550 | D:3      | Found a transporter.
  2846 | D:3      | Got a translucent shortbow
  2851 | D:3      | Identified the cursed +0 shortbow "Vatix" {freeze, rC+}
                  | (You found it on level 3 of the Dungeon)
  2885 | D:4      | Reached skill level 1 in Shields
  2897 | D:4      | Reached XP level 6. HP: 50/55 MP: 6/6
  3152 | D:4      | Reached skill level 5 in Armour
  3221 | D:4      | Reached skill level 5 in Fighting
  3221 | D:4      | Reached skill level 5 in Axes
  3221 | D:4      | Reached skill level 1 in Evocations
  3286 | D:4      | Noticed Eustachio
  3300 | D:4      | Killed Eustachio
  3300 | D:4      | Reached XP level 7. HP: 61/61 MP: 7/7
  3350 | D:4      | Found a blossoming altar of Fedhas.
  3734 | D:5      | Entered Level 5 of the Dungeon
  3756 | D:5      | Noticed Blork the orc
  3783 | D:5      | Killed Blork the orc
  3783 | D:5      | Reached skill level 6 in Axes
  4039 | D:5      | Found an iron altar of Okawaru.
  4043 | D:5      | Reached XP level 8. HP: 69/70 MP: 8/8
  4116 | D:5      | Found a runed door.
  4116 | D:5      | Noticed galech's ghost (novice DsFi)
  4157 | D:5      | Got a polished leather armour
  4197 | D:5      | Reached skill level 7 in Axes
  4378 | D:6      | Reached *** piety under Lugonu
  5500 | D:7      | Noticed a hippogriff
  5514 | D:7      | Killed a hippogriff
  5514 | D:7      | Reached skill level 8 in Axes
  5811 | D:7      | Reached XP level 9. HP: 68/78 MP: 9/9
  5818 | D:7      | Reached skill level 9 in Axes
  5819 | D:7      | Reached **** piety under Lugonu
  6205 | D:7      | Got a bloodstained long sword
  6206 | D:7      | Identified the cursed +3 long sword "Orb Guardian's Foe"
                  | {venom, rF+} (You found it on level 7 of the Dungeon)
  6264 | D:7      | Found a staircase to the Ecumenical Temple.
  6588 | D:7      | Found a radiant altar of Vehumet.
  6588 | D:7      | Found a basalt altar of Yredelemnul.
  6593 | D:7      | Found a deep blue altar of Sif Muna.
  6594 | D:7      | Found a blossoming altar of Fedhas.
  6595 | D:7      | Found a sacrificial altar of Ru.
  6595 | D:7      | Found an iron altar of Okawaru.
  6595 | D:7      | Found an ornate altar of the Wu Jian Council.
  6595 | D:7      | Found a snail-covered altar of Cheibriados.
  6596 | D:7      | Found a hazy altar of Hepliaklqana.
  6598 | D:7      | Found an ancient bone altar of Kikubaaqudgha.
  6599 | D:7      | Found a shattered altar of Ashenzari.
  6630 | D:7      | Reached skill level 10 in Axes
  6697 | D:7      | Reached skill level 1 in Stealth
  7054 | D:8      | Reached skill level 11 in Axes
  7337 | D:8      | Got a steaming hand axe
  7338 | D:8      | Identified the cursed +1 hand axe "Orecheff" {freeze, rPois
                  | Str+2} (You found it on level 8 of the Dungeon)
  7492 | D:9      | Reached ***** piety under Lugonu
  7761 | D:9      | Reached XP level 10. HP: 81/88 MP: 10/10
  8740 | D:9      | Identified the +1 leather armour "Luwuam" {rF+} (You found
                  | it on level 5 of the Dungeon)
  8895 | D:9      | Reached skill level 12 in Axes
  8981 | D:10     | Entered Level 10 of the Dungeon
  9012 | D:10     | Found Obed's Gadget Boutique.
  9157 | D:10     | Found a portal to a secret trove of treasure.
  9802 | D:11     | Found a staircase to the Orcish Mines.
  9854 | D:11     | Noticed a gargoyle
  9860 | D:11     | Killed a gargoyle
  9860 | D:11     | Reached skill level 13 in Axes
 10395 | D:11     | Noticed a two-headed ogre
 10406 | D:11     | Killed a two-headed ogre
 10406 | D:11     | Reached XP level 11. HP: 44/97 MP: 11/11
 10797 | D:11     | Noticed a brown ugly thing
 10819 | D:11     | Killed a brown ugly thing
 10872 | D:11     | Found a staircase to the Lair.
 10964 | D:11     | Reached skill level 1 in Throwing
 11011 | D:11     | Reached skill level 14 in Axes
 11855 | D:12     | Reached skill level 10 in Fighting
 11862 | D:12     | Reached skill level 10 in Armour
 11869 | D:12     | Reached ****** piety under Lugonu
 12433 | D:12     | Identified the cursed +0 dagger of Prudence {vamp, *Rage
                  | +Inv rPois rF++} (You found it on level 12 of the Dungeon)
 12438 | D:12     | Found a glowing golden altar of the Shining One.
 12438 | D:12     | Found a shimmering altar of Xom.
 12439 | D:12     | Noticed a fire giant
 12443 | D:12     | Noticed a frost giant
 12455 | D:12     | HP: 2/100 [frost giant/bolt of cold (14)]
 12504 | D:11     | Identified a +4 battleaxe of distortion (a +2 battleaxe
                  | corrupted by Lugonu)
 12504 | D:11     | Received a gift from Lugonu
 12826 | Orc:1    | Entered Level 1 of the Orcish Mines
 13491 | Orc:2    | Entered Level 2 of the Orcish Mines
 14003 | Orc:2    | Found Gaychang's General Store.
 14015 | Orc:2    | Noticed a two-headed ogre
 14016 | Orc:2    | Noticed a two-headed ogre
 14016 | Orc:2    | Noticed a two-headed ogre
 14017 | Orc:2    | Noticed an ogre mage
 14017 | Orc:2    | Noticed a two-headed ogre
 14017 | Orc:2    | Noticed a two-headed ogre
 14018 | Orc:2    | Reached skill level 15 in Axes
 14018 | Orc:2    | Noticed a two-headed ogre
 14027 | Orc:2    | Banished a two-headed ogre
 14028 | Orc:2    | Killed a two-headed ogre
 14028 | Orc:2    | Reached XP level 12. HP: 69/108 MP: 12/12
 14411 | Orc:1    | Upgraded the game from 0.23-a0-451-g1044d4c to
                  | 0.23-a0-473-gc8aadda
 14852 | Lair:1   | Entered Level 1 of the Lair of Beasts
 14852 | Lair:1   | Noticed Grum
 14857 | Lair:1   | Killed Grum
 15673 | D:12     | Killed a fire giant
 16520 | D:13     | Reached skill level 16 in Axes
 16953 | D:13     | Found a gate to the Vaults.
 17016 | D:13     | Noticed a centaur warrior
 17025 | D:13     | Killed a centaur warrior
 17262 | D:13     | Noticed a two-headed ogre
 17277 | D:13     | Killed a two-headed ogre
 17623 | D:13     | Found a stormy altar of Qazlal.
 17950 | D:14     | Noticed a five-headed hydra
 17962 | D:14     | Killed an eight-headed hydra
 17962 | D:14     | Reached XP level 13. HP: 117/117 MP: 15/15
 17986 | D:14     | Noticed Roxanne
 17998 | D:14     | Killed from afar by Roxanne

Vault maps used:
D:1:      minmay_arrival_stone_box, hangedman_decor_growths, due_unseen_surprise
D:2:      grunt_temple_overflow_gold_and_silver, first_ration,
          uniq_crazy_yiuf_cottage
D:3:      gammafunk_wand_slinger, chequers_avenue, grunt_ministairs_3,
          chequers_serial_rivers_micro_d, nicolae_gozag_zags_fifth_avenue
D:4:      fedhas_altar_4, uniq_eustachio
D:5:      hellmonk_ghost_happy_afterlife, okawaru_ov_weapons_minmay,
          uniq_blork_the_orc
D:7:      minitemple, minmay_temple_entry_crystal_x
D:10:     nicolae_trove_entry_free_sample, serial_shops, shop
D:11:     david_lair_generic, orc_0_dummy
D:12:     david_nohive_1, serial_bayou_ford_a, jmf_multi_god_temple
D:13:     erik_vaults_1, serial_park_tiny_1, nicolae_qazlal_eye_of_the_storm
D:14:     minmay_misc_feat_roman, ebering_ghost_disaster_area,
          chequers_serial_rivers_micro_e, uniq_roxanne
Lair:1:   lemuel_fruit_fields, grunt_megastairs_4, serial_bayou_shore_b,
          serial_bayou_shore_b, serial_bayou_shore_b, lemuel_fruit_tree,
          minmay_lair_oklob_chamber, uniq_grum
Orc:2:    st_orc_open, serial_shops, nicolae_shop_statue_plus, nooodl_orcs_dogs

Skill      XL: |  1  2  3  4  5  6  7  8  9 10 11 12 |
---------------+-------------------------------------+-----
Fighting       | 4 5 6 7 9 10 11 | 11.9
Invocations    | 2 4 |  4.5
Axes           | 3 4 5 6 8 11 13 15 16 | 16.8
Armour         | 3 4 5 7 8 9 11 12 | 12.4
Shields        | 1 2 3 4 |  4.8
Evocations     | 1 2 |  2.3
Dodging        | 2 3 4 |  4.3
Stealth        | 1 2 |  2.0
Throwing       | 1 |  1.9

Action                   |  1- 3 |  4- 6 |  7- 9 | 10-12 | 13-15 || total
-------------------------+-------+-------+-------+-------+-------++-------
Melee: Hand axe          |   116 |   136 |   159 |       |       ||   411
       Headbutt          |    12 |    21 |    47 |    84 |     4 ||   168
       War axe           |       |       |   147 |   345 |       ||   492
       Battleaxe         |       |       |       |   311 |     9 ||   320
 Fire: Blowgun           |       |       |       |     9 |       ||     9
Invok: Depart the Abyss  |     1 |       |       |       |       ||     1
       Bend Space        |       |       |       |     6 |       ||     6
       Brand Weapon With |       |       |       |     1 |       ||     1
 Abil: Evoke Berserk Rag |     1 |     2 |     1 |       |       ||     4
Evoke: Wand              |       |    18 |       |     9 |       ||    27
  Use: Scroll            |       |     6 |    12 |     8 |       ||    26
       Potion            |       |       |       |     1 |       ||     1
 Stab: Paralysed         |       |       |       |     3 |       ||     3
  Eat: Chunk             |     3 |     7 |    16 |    19 |     2 ||    47
       Ration            |       |       |       |     5 |       ||     5
Armor: Leather armour    |     7 |       |       |       |       ||     7
       Ring mail         |    37 |    34 |       |       |       ||    71
       Chain mail        |       |    47 |   109 |   320 |     3 ||   479
Dodge: Dodged            |    51 |    42 |    68 |   282 |     4 ||   447
Block: Shield            |    30 |    52 |   148 |   204 |       ||   434

Table legend:
 A = Non-vault XP
 B = Vault XP
 C = Vault XP percentage of total XP
 D = Non-vault monster count
 E = Vault monster count
 F = Vault count percentage of total count
                 A         B        C        D         E       F
            +---------+---------+-------+---------+---------+-------
      Total |   30042 |    8775 |  22.6 |     358 |      53 |  12.9
            +---------+---------+-------+---------+---------+-------
        D:1 |      29 |       0 |   0.0 |      17 |       0 |   0.0
        D:2 |      61 |      40 |  39.6 |      23 |       1 |   4.2
        D:3 |      90 |     119 |  56.9 |      17 |       6 |  26.1
        D:4 |     509 |     211 |  29.3 |      22 |       1 |   4.3
        D:5 |     358 |      87 |  19.6 |       6 |       1 |  14.3
        D:6 |     467 |       0 |   0.0 |      15 |       0 |   0.0
        D:7 |    1968 |       0 |   0.0 |      45 |       0 |   0.0
        D:8 |    1117 |       0 |   0.0 |      20 |       0 |   0.0
        D:9 |    2094 |       0 |   0.0 |      40 |       0 |   0.0
       D:10 |    1828 |       0 |   0.0 |      27 |       0 |   0.0
       D:11 |    5281 |    1040 |  16.5 |      31 |       4 |  11.4
       D:12 |    3027 |    3320 |  52.3 |      18 |      19 |  51.4
       D:13 |    5999 |    1808 |  23.2 |      33 |       2 |   5.7
       D:14 |    2455 |       0 |   0.0 |       4 |       0 |   0.0
     Lair:1 |    1605 |     980 |  37.9 |       5 |       7 |  58.3
      Orc:1 |    1081 |       0 |   0.0 |      25 |       0 |   0.0
      Orc:2 |    2073 |    1170 |  36.1 |      10 |      12 |  54.5
            +---------+---------+-------+---------+---------+-------
